 Dungeon Crawl Stone Soup version 0.29-a0-664-gff9cad4a3d (webtiles) character file.

Game seed: 1896487628149201148

415135 dolemite99 the Slayer (level 22, -22/222 (223) HPs)
             Began as a Minotaur Fighter on June 22, 2022.
             Was the Champion of Cheibriados.
             Killed by a resonance strike
             ... invoked by Zenata
              (23 damage)
             ... on level 3 of the Elven Halls on June 23, 2022.
             The game lasted 02:01:33 (74307 turns).

dolemite99 the Slayer (Minotaur Fighter)           Turns: 74307, Time: 02:01:34

HP:   -22/222 (223) AC: 36    Str: 43    XL:     22   Next: 54%
MP:   13/27         EV: 20    Int: 26    God:    Cheibriados [******]
Gold: 516           SH: 26    Dex: 29    Spells: 7/29 levels left

rFire   + . .      SeeInvis .   a - +5 eveningstar (spect)
rCold   + . .      Faith    +   s - +1 tower shield
rNeg    . . .      Spirit   .   r - +8 plate armour {Will+}
rPois   .          Reflect  .   j - +0 hat of Lusamuss {Str+2 Int+4}
rElec   .          Harm     .   t - +1 cloak
rCorr   .          Rampage  .   H - +2 pair of gloves
Will    ++...                   l - +2 pair of boots
Stlth   ..........              W - amulet of faith
HPRegen 0.47/turn               U - ring of protection from cold
MPRegen 0.20/turn               n - ring of protection from fire

@: studying Crossbows, lightly drained, very slow
A: horns 2, retaliatory headbutt, low MP 1
}: 2/15 runes: decaying, gossamer
a: Renounce Religion, Bend Time, Temporal Distortion, Slouch, Step From Time


You were on level 3 of the Elven Halls.
You worshipped Cheibriados.
Cheibriados was exalted by your worship.
You visited 8 branches of the dungeon, and saw 42 of its levels.
You visited the Abyss 1 time.
You also visited: Sewer.

You collected 5389 gold pieces.
You spent 4873 gold pieces at shops.

Inventory:

Hand Weapons
 a - a +5 spectral eveningstar (weapon)
 b - the +4 morningstar "Xaoqugac" {elec, rPois Int+2}
   (You bought it in a shop on level 4 of the Dungeon)

   It occasionally discharges a powerful burst of electricity upon striking a
   foe.
   Int:       It affects your intelligence (+2).
   rPois:     It protects you from poison.
 x - the +10 scimitar of Spite {elec, rPois rC+}
   (You took it off a deep elf elementalist on level 3 of the Elven Halls)

   It occasionally discharges a powerful burst of electricity upon striking a
   foe.
   rC:        It protects you from cold.
   rPois:     It protects you from poison.
Missiles
 M - 24 boomerangs (quivered)
 R - 2 silver javelins
Armour
 j - the +0 hat of Lusamuss (worn) {Str+2 Int+4}
   (You found it on level 4 of the Spider Nest)

   Str:       It affects your strength (+2).
   Int:       It affects your intelligence (+4).
 l - a +2 pair of boots (worn)
 r - a +8 plate armour of willpower (worn)
 s - a +1 tower shield (worn)
 t - a +1 cloak (worn)
 H - a +2 pair of gloves (worn)
Magical Staves
 L - a staff of air
Jewellery
 c - a ring of willpower
 d - a ring of resist corrosion
 g - an amulet of reflection
 n - a ring of protection from fire (right hand)
 U - a ring of protection from cold (left hand)
 W - an amulet of faith (around neck)
Wands
 e - a wand of flame (42)
 D - a wand of polymorph (26)
 J - a wand of charming (3)
 P - a wand of digging (20)
Scrolls
 h - 19 scrolls of teleportation
 k - 2 scrolls of poison
 o - 3 scrolls of brand weapon
 y - 2 scrolls of fog
 A - 4 scrolls of silence
 E - 13 scrolls of identify {@r1}
 G - 3 scrolls of blinking
 K - 4 scrolls of vulnerability
 N - a scroll of magic mapping
 O - a scroll of summoning
 T - 2 scrolls of amnesia
 V - 2 scrolls of enchant armour
Potions
 f - 6 potions of cancellation
 i - 2 potions of curing
 m - 6 potions of berserk rage
 p - 10 potions of brilliance
 q - 8 potions of flight
 u - 8 potions of attraction
 w - 6 potions of ambrosia
 z - 10 potions of mutation
 C - 4 potions of might
 F - 7 potions of lignification
 Q - 2 potions of magic
 Y - 5 potions of heal wounds
 Z - 2 potions of resistance
Miscellaneous
 B - a phial of floods
 I - a tin of tremorstones (1/2)
 S - a phantom mirror


   Skills:
 - Level 24.2 Fighting
 - Level 6.0(11.7) Axes
 - Level 15.5(16.0) Maces & Flails
 - Level 9.9 Throwing
 - Level 17.0 Armour
 - Level 12.8 Dodging
 + Level 18.8 Shields
 - Level 4.0 Spellcasting
 - Level 14.0 Translocations
 - Level 12.6 Invocations
 - Level 11.4 Evocations


You had 7 spell levels left.
You knew the following spells:

 Your Spells              Type           Power      Damage    Failure   Level
a - Apportation           Tloc           100%       N/A       1%          1
b - Blink                 Tloc           100%       N/A       1%          2
c - Teleport Other        Tloc           67%        N/A       1%          3
d - Wereblood             Tmut           5%         N/A       67%         2
e - Animate Dead          Necr           5%         N/A       99%         4
f - Vampiric Draining     Necr           5%         2d6       88%         3
g - Passage of Golubria   Tloc           67%        N/A       1%          4
h - Lesser Beckoning      Tloc           67%        N/A       1%          3

Your spell library contained the following spells:

 Spells                   Type           Power      Damage    Failure   Level
 Gell's Gravitas          Tloc           67%        N/A       1%          3
 Manifold Assault         Tloc           67%        N/A       5%          5
 Dispersal                Tloc           33%        N/A       30%         6
 Beastly Appendage        Tmut           10%        N/A       54%         1
 Foxfire                  Conj/Fire      20%        2x1d5     54%         1
 Magic Dart               Conj           20%        1d4       54%         1
 Necrotize                Necr           20%        1d5       54%         1
 Shock                    Conj/Air       20%        1d4       54%         1
 Slow                     Hex            20%        N/A       54%         1
 Summon Small Mammal      Summ           20%        N/A       54%         1
 Ensorcelled Hibernation  Hex/Ice        10%        N/A       67%         2
 Poisonous Vapours        Pois/Air       10%        N/A       67%         2
 Scorch                   Fire           10%        2d5       67%         2
 Searing Ray              Conj           10%        2d4       67%         2
 Sublimation of Blood     Necr           5%         N/A       67%         2
 Confusing Touch          Hex            5%         N/A       88%         3
 Conjure Flame            Conj/Fire      5%         6-21      88%         3
 Inner Flame              Hex/Fire       5%         N/A       88%         3
 Spider Form              Tmut/Pois      5%         N/A       88%         3
 Swiftness                Air            5%         N/A       88%         3
 Tukima's Dance           Hex            5%         N/A       88%         3
 Airstrike                Air            2%         N/A       99%         4
 Anguish                  Hex/Necr       2%         N/A       99%         4
 Corpse Rot               Necr/Pois/Air  5%         N/A       99%         4
 Dispel Undead            Necr           5%         3d7       99%         4
 Flame Wave               Conj/Fire      5%         2d5       99%         4
 Fulminant Prism          Conj/Hex       2%         3d6       99%         4
 Petrify                  Tmut/Erth      5%         N/A       99%         4
 Summon Ice Beast         Ice/Summ       5%         N/A       99%         4
 Agony                    Necr           5%         N/A       100%        5
 Blade Hands              Tmut           2%         N/A       100%        5
 Borgnjor's Vile Clutch   Necr/Erth      2%         N/A       100%        5
 Freezing Cloud           Conj/Ice/Air   2%         6-21      100%        5
 Irradiate                Conj/Tmut      2%         3d14      100%        5
 Metabolic Englaciation   Hex/Ice        2%         N/A       100%        5
 Yara's Violent Unravell  Hex/Tmut       2%         3d3       100%        5
 Death Channel            Necr           2%         N/A       100%        6
 Statue Form              Tmut/Erth      3%         N/A       100%        6
 Summon Cactus Giant      Summ           2%         N/A       100%        6
 Dragon Form              Tmut           2%         N/A       100%        7
 Haunt                    Necr/Summ      2%         N/A       100%        7
 Borgnjor's Revivificati  Necr           2%         N/A       100%        8
 Disjunction              Tloc           33%        N/A       100%        8
 Necromutation            Tmut/Necr      2%         N/A       100%        8
 Death's Door             Necr           2%         N/A       100%        9
 Dragon's Call            Summ           2%         N/A       100%        9


Dungeon Overview and Level Annotations

Branches:
Dungeon (15/15)            Temple (0/1) D:4            Lair (6/6) D:9
  Swamp (4/4) Lair:2       Spider (4/4) Lair:4        Slime (0/5) Lair:6
    Orc (2/2) D:11            Elf (3/3) Orc:2        Vaults (4/5) D:13
  Crypt (0/3) Vaults:2     Depths (4/4) D:15            Zot (0/5) Depths:4
  Sewer (visited)

Altars:
Ashenzari
Cheibriados
Elyvilon
Fedhas
Gozag
Kikubaaqudgha
Makhleb
Qazlal
Sif Muna
Vehumet
Wu Jian
Xom
Yredelemnul
Zin
The Shining One
Beogh

Shops:
D:4 *([!   D:15 :   Orc:1 (   Orc:2 ?(!=   Elf:2 ==*[   Elf:3 =   Vaults:1 [
Vaults:2 :   Vaults:4 (   Depths:1 *   Depths:3 (   Depths:4 *

Portals:
Hell: Depths:1 Depths:2 Depths:3 Depths:4
Abyss: Depths:2 Depths:3 Depths:4
Pandemonium: Depths:2
Ziggurat: Depths:4

Annotations:
Swamp:2 3 runed translucent doors, miscthings's ghost, journeyman MeCj
Swamp:4 exclusion: oklob plant
Elf:2 3 runed translucent doors
Elf:3 Zenata
Vaults:4 Frederick; Mennas


Innate Abilities, Weirdness & Mutations

You have a pair of horns on your head.
You reflexively headbutt those who attack you in melee.
Your magical capacity is low. (-10% MP)


Message History

The soul eater is healed.
Activating: Slouch (1% risk of failure)
Press: ? - help, Dir - look around, f - activate You can feel time thicken for a moment.
You kill the deep elf demonologist!
Cheibriados thoroughly appreciates the change of pace.
The ice devil disappears in a puff of smoke!
The soul eater disappears in a puff of smoke!
You kill the deep elf death mage!
Cheibriados appreciates the change of pace.
You kill the deep elf elementalist!
Cheibriados thoroughly appreciates the change of pace.
The earth elemental disappears in a puff of smoke! x2
You kill the deep elf zephyrmancer!
Cheibriados thoroughly appreciates the change of pace.
You kill the deep elf demonologist!
Cheibriados thoroughly appreciates the change of pace.
You kill the ogre!
Cheibriados appreciates the change of pace.
You block the deep elf sorcerer's attack.
As you read the scroll of fear, it crumbles to dust.
You assume a fearsome visage.
The deep elf annihilator resists with almost no effort.
The deep elf sorcerer easily resists.
The deep elf sorcerer looks frightened!
The deep elf sorcerer gestures at you while chanting.
You resist with almost no effort.
A deep elf demonologist comes into view.
It is wielding a +0 long sword.
The deep elf demonologist shouts!
You thump the deep elf sorcerer!
You kill the deep elf sorcerer!
Cheibriados appreciates the change of pace.
You hear a shout!
The deep elf annihilator casts a spell at you.
The bolt of lightning hits you!!
* * * LOW HITPOINT WARNING * * *
The bolt of lightning hits you.
* * * LOW HITPOINT WARNING * * *
Zenata casts a spell at you.
A blast of power from the earth strikes you!
You die...

#..................# #...###.#.##
#...##.........#.#.# #...##.###.#
##.########...[.[#.###...#.## ##.
#.# #......#..........# ## #.#
#.................# ##. #.#
#...)..§.e........###.# #.#
##........##...###.#[## #.#
#.##...).##...# ##.## ###
####§@)e..##### ### ******
#.#)[#.# ****** ****,,,,***
###).# ***,,,,* ,,,,,,,,,,* #).#
*,,,,,,,
**,,,,,,,,******#o)#******,,,,,,,
,***,,,,***,,,,*#.a#*,,,,***,,,,*
,,,******,,,,,,,#.)#,,,,,,,******
,,,,,**,,,,,,,,,...e,,,,,,,,,**,,
,,,,,,,,,,,,,,,,.≈.≈,,,,,,,,,,,,,


You could see Zenata, a deep elf annihilator, a deep elf sorcerer (fleeing), a
deep elf demonologist and an orc warrior.

Vanquished Creatures
  Mara (Depths:2)
  Saint Roka (Depths:3)
  Margery (Vaults:3)
  3 golden dragons
  3 bone dragons (Depths:4)
  Arachne (Spider:3)
  Jorgrun (D:13)
  3 liches
  Mlioglotl (Swamp:1)
  A walking earthen tome (Depths:2)
  A walking frostbound tome (Depths:3)
  Asterion (Elf:1)
  2 deep elf blademasters (Elf:3)
  2 deep elf master archers (Elf:3)
  A quicksilver dragon (Depths:4)
  3 sphinxes
  2 ancient champions (Vaults:2)
  3 thorn hunters
  2 tengu reavers
  2 fenstrider witches (Swamp:3)
  Donald (Vaults:1)
  A revenant (Abyss:3)
  5 fire giants
  5 deep elf sorcerers (Elf:3)
  An emperor scorpion (shapeshifter) (Depths:2)
  A balrug (Depths:3)
  6 frost giants
  11 vault wardens
  5 iron dragons
  4 ghost moths
  A draconian scorcher (Depths:4)
  A ghost moth (shapeshifter) (Elf:1)
  3 orc warlords
  A ghoul (Vaults:2)
  11 ironbound preservers
  11 deep elf elementalists (Elf:3)
  29 very ugly things
  Aizul (Elf:1)
  2 spriggan defenders (Depths:3)
  A reaper (Depths:3)
  A war gargoyle (Vaults:4)
  2 broodmothers (Spider:4)
  The ghost of buhh the Protected, a journeyman FoHu of Hepliaklqana (Lair:6)
  4 ironbound thunderhulks
  4 deep elf demonologists
  11 stone giants
  A green draconian (Depths:4)
  3 black draconians
  3 bunyips
  6 entropy weavers
  A yellow draconian (Depths:4)
  Azrael (Elf:1)
  A vampire knight (Swamp:4)
  8 deep elf annihilators
  3 purple draconians (Depths:4)
  6 dire elephants (Vaults:1)
  The ghost of Cecillian the Nimble, a journeyman GnAM of Gozag (Lair:3)
  3 white draconians (Depths:4)
  3 spark wasps
  4 deep elf death magi (Elf:3)
  The ghost of happo123 the Zephyrmancer, a journeyman TeAE of Vehumet (Lair:3)
  Josephine (Lair:5)
  An eidolon (Vaults:2)
  8 ettins
  A crystal guardian (Vaults:3)
  9 fire dragons
  3 shambling mangroves (Swamp:4)
  A merfolk impaler (Depths:3)
  4 great orbs of eyes
  2 jiangshi (Depths:2)
  A hell beast (Depths:3)
  8 yaktaur captains
  4 radroaches
  2 ghost crabs
  6 rakshasas
  7 ice dragons
  Harold (Orc:1)
  2 vault guards
  2 peacekeepers
  2 catoblepae
  4 spriggan air magi
  8 boulder beetles
  An anaconda (Lair:6)
  3 ogre magi
  14 hydras
  6 ironbound frosthearts
  5 alligators (Swamp:3)
  12 two-headed ogres
  13 centaur warriors
  3 thrashing horrors (Abyss:3)
  6 deep troll earth magi
  15 dancing weapons
  4 tengu warriors
  4 death yaks (Lair:2)
  A vampire mage (Depths:2)
  2 deep troll shamans
  11 spriggan berserkers
  An orc high priest (Orc:1)
  7 deep elf knights
  A soul eater (Depths:2)
  A sun demon (Depths:2)
  6 hell knights
  Nergalle (D:12)
  4 large abominations (Abyss:3)
  A wretched star (Abyss:3)
  6 bunyip zombies (Swamp:3)
  A sixfirhy (Depths:2)
  5 iron trolls
  7 pharaoh ants
  A shadow wraith (Abyss:3)
  4 glowing orange brains
  5 goliath frogs
  A quicksilver dragon simulacrum (Depths:3)
  A shadow demon (Depths:2)
  4 spriggan druids (Swamp:4)
  3 flayed ghosts
  5 spectral hydras (Swamp:4)
  A death drake (Swamp:3)
  6 bog bodies
  6 orb spiders
  6 wizards
  9 swamp dragons
  44 deep trolls
  A spriggan simulacrum (Swamp:3)
  3 steelbarb worms
  4 necromancers
  8 harpies
  14 lindwurms
  17 deep elf archers
  4 orc knights
  25 deep elf pyromancers
  A bunyip skeleton (Swamp:3)
  22 deep elf zephyrmancers
  10 ironbound convokers
  2 oklob plants (Swamp:4)
  28 ugly things
  2 orc sorcerers
  21 wolf spiders
  A shining eye (Depths:4)
  6 will-o-the-wisps
  4 cyclopes
  2 manticores
  A worldbinder (Abyss:3)
  3 moths of wrath
  10 elephants
  10 black mambas
  A stone giant skeleton (Abyss:3)
  9 torpor snails
  14 vault sentinels
  2 eyes of devastation (Depths:4)
  A smoke demon (Abyss:3)
  A rust devil (Depths:2)
  22 cane toads
  An unseen horror (D:13)
  A rime drake (Lair:5)
  2 demonic crawlers
  10 komodo dragons
  28 yaktaurs
  An efreet (D:14)
  4 tengu conjurers
  2 ancient zymes (Abyss:3)
  2 death drake zombies (Swamp:4)
  12 trolls
  5 meliai (Spider:4)
  8 tyrant leeches
  3 bloated husks
  18 hornets
  3 hydra zombies (Swamp:4)
  9 polar bears
  Grinder (D:4)
  A harpy skeleton (Abyss:3)
  12 tarantellas
  Prince Ribbit (D:6)
  25 blink frogs
  22 slime creatures
  4 raiju (Abyss:3)
  A death drake skeleton (Swamp:4)
  7 dream sheep (Lair:6)
  A fire giant simulacrum (Vaults:1)
  12 spriggans
  16 starcursed masses (Abyss:3)
  3 flying skulls (Abyss:3)
  23 jumping spiders
  47 yaks
  4 water elementals
  19 culicivoras
  3 air elementals
  9 wraiths
  5 wyverns
  2 ynoxinuls
  6 fire elementals
  18 humans (D:13)
  Eustachio (D:4)
  7 basilisks
  A fire bat (shapeshifter) (D:15)
  A neqoxec (Abyss:3)
  33 redbacks
  9 vampire mosquitoes
  5 wargs
  A naga (Depths:1)
  A steam dragon (Lair:4)
  An acid dragon (D:9)
  A floating eye (Depths:4)
  2 hell hounds (Elf:1)
  17 swamp worms
  A hydra simulacrum (Swamp:4)
  7 swamp drakes
  16 water moccasins
  Duvessa (D:5)
  2 sky beasts
  18 orc warriors
  An ice beast (D:5)
  2 swamp dragon zombies (Swamp:4)
  15 black bears
  4 boggarts (Lair:5)
  21 ogres
  2 swamp dragon skeletons
  19 wolves
  4 centaurs
  A phantom (D:6)
  6 kobold brigands (Sewer)
  19 bullfrogs
  3 small abominations (Abyss:3)
  2 earth elementals
  4 necrophages
  A scorpion (Lair:4)
  8 wights (D:8)
  Dowan (D:5)
  18 killer bees
  9 electric eels
  8 howler monkeys
  15 jellies
  A quasit (Abyss:3)
  Crazy Yiuf (D:3)
  An iron imp (Abyss:3)
  19 orc priests
  A gnoll shaman (D:7)
  Jessica (D:3)
  Terence (D:3)
  12 orc wizards
  Natasha (thrice) (D:3)
  5 iguanas
  6 hell rats (Lair:6)
  A hound skeleton (D:8)
  A mummy (D:7)
  Robin (D:2)
  10 adders
  8 gnolls
  4 river rats (Sewer)
  2 white imps
  An ufetubus (D:4)
  4 worms
  A dart slug (D:4)
  59 orcs
  19 ball pythons
  7 bats
  8 endoplasms
  4 giant cockroaches
  17 goblins
  8 hobgoblins
  9 jackals
  3 quokkas
  3 frilled lizards (D:1)
  A goblin zombie (D:7)
  11 kobolds
  A kobold zombie (D:7)
  12 rats
1652 creatures vanquished.

Vanquished Creatures (collateral kills)
  A very ugly thing (Vaults:1)
  A deep elf death mage (Elf:3)
  A fire dragon (Depths:1)
  A hydra (D:14)
  A boulder beetle (Spider:3)
  A deep troll shaman (Depths:4)
  2 two-headed ogres (Orc:2)
  A pharaoh ant (Spider:4)
  4 ugly things
  A troll (Orc:2)
  2 jumping spiders (Spider:4)
  4 redbacks (Spider:4)
  A warg (Depths:3)
  A floating eye (Depths:4)
  2 ogres (Orc:2)
  4 orcs (Depths:3)
28 creatures vanquished.

Vanquished Creatures (others)
  The ghost of Faeteph the Fighter, a journeyman FoHu of Fedhas (D:14)
  Louise (Swamp:3)
  An ironbound preserver (Vaults:1)
  A very ugly thing (Vaults:1)
  A pharaoh ant (Spider:3)
  A deep troll (Depths:4)
  An ugly thing (Vaults:1)
  A troll (D:9)
  2 bloated husks
  A culicivora (Spider:1)
  A wraith (D:9)
  A redback (Spider:1)
  A centaur (D:9)
  An orc (D:9)
  A hobgoblin (D:3)
  A rat (D:3)
  9 briar patches (Swamp:4)
  31 foxfires
  30 fungi
  158 plants
245 creatures vanquished.

Grand Total: 1925 creatures vanquished

Notes
Turn   | Place    | Note
-------+----------+-------------------------------------------
     0 | D:1      | dolemite99 the Minotaur Fighter began the quest for the
                  | Orb.
     0 | D:1      | Reached XP level 1. HP: 19/19 MP: 0/0
   147 | D:1      | Reached XP level 2. HP: 22/26 MP: 1/1
   781 | D:1      | Reached XP level 3. HP: 31/31 MP: 2/2
   960 | D:2      | Found a faded altar of an unknown god.
   972 | D:2      | Prayed at the altar of an unknown god.
   972 | D:2      | Became a worshipper of Vehumet
   972 | D:2      | Reached * piety under Vehumet
   972 | D:2      | Offered knowledge of Shock by Vehumet.
   973 | D:2      | Fell from the grace of Vehumet
  1099 | D:2      | Found a shimmering altar of Xom.
  1362 | D:2      | Reached skill level 5 in Axes
  1492 | D:2      | Noticed Robin
  1509 | D:2      | Reached XP level 4. HP: 29/39 MP: 3/3
  1513 | D:2      | Killed Robin
  2002 | D:3      | Found a snail-covered altar of Cheibriados.
  2007 | D:3      | Noticed Terence
  2011 | D:3      | Became a worshipper of Cheibriados the Contemplative
  2019 | D:3      | Killed Terence
  2197 | D:3      | Reached skill level 1 in Maces & Flails
  2248 | D:3      | Found a runed translucent door.
  2249 | D:3      | Noticed Crazy Yiuf
  2417 | D:3      | Noticed Natasha
  2433 | D:3      | Killed Natasha
  2434 | D:3      | Reached XP level 5. HP: 33/45 MP: 4/4
  2499 | D:3      | Noticed Natasha
  2503 | D:3      | Killed Natasha
  2673 | D:3      | Found a glowing golden altar of the Shining One.
  3007 | D:3      | Noticed Natasha
  3022 | D:3      | Killed Natasha
  3169 | D:3      | Noticed Jessica
  3183 | D:3      | Killed Jessica
  3535 | D:4      | Noticed a black bear
  3542 | D:4      | Killed a black bear
  3543 | D:4      | Reached skill level 5 in Maces & Flails
  3543 | D:4      | Reached XP level 6. HP: 42/51 MP: 5/5
  3623 | D:4      | Noticed Grinder
  3630 | D:4      | Killed Grinder
  3630 | D:4      | Reached * piety under Cheibriados
  3631 | D:4      | Reached XP level 7. HP: 56/57 MP: 6/6
  3646 | D:4      | Found Xaijon's Assorted Antiques.
  3690 | D:4      | Bought a white potion for 26 gold pieces
  3690 | D:4      | Bought a scroll labelled KAXKISHR NEBO for 29 gold pieces
  3690 | D:4      | Bought a scroll labelled ZAOCAL SENG for 29 gold pieces
  3692 | D:4      | Bought a scroll labelled ROPNET IKKI for 29 gold pieces
  3813 | D:4      | Found Saukk's Armour Emporium.
  3817 | D:4      | Found a radiant altar of Vehumet.
  3870 | D:4      | Found a staircase to the Ecumenical Temple.
  3900 | D:4      | Found Ycvo's Distillery.
  3908 | D:4      | Bought a potion of curing for 42 gold pieces
  3916 | D:4      | Found Wucrar's Antique Weapon Shop.
  4527 | D:4      | Noticed Eustachio
  4531 | D:4      | Killed Eustachio
  4744 | D:5      | Entered Level 5 of the Dungeon
  4914 | D:5      | Reached ** piety under Cheibriados
  4918 | D:5      | Reached XP level 8. HP: 64/64 MP: 7/7
  4943 | D:5      | Was forgiven by Vehumet
  4981 | D:5      | Noticed Duvessa
  4982 | D:5      | Noticed Dowan
  4986 | D:5      | Killed Duvessa
  4987 | D:5      | Reached skill level 10 in Maces & Flails
  4989 | D:5      | Killed Dowan
  5023 | D:5      | Found a glowing drain.
  5035 | Sewer    | Entered a sewer
  5456 | Sewer    | Reached *** piety under Cheibriados
  6159 | D:6      | Noticed Prince Ribbit
  6199 | D:6      | Reached XP level 9. HP: 61/70 MP: 8/8
  6208 | D:6      | Killed Prince Ribbit
  6209 | D:6      | Reached skill level 5 in Armour
  6736 | D:6      | Found a glowing silver altar of Zin.
  6839 | D:7      | Reached **** piety under Cheibriados
  7623 | D:7      | Reached skill level 4 in Fighting
  7993 | D:7      | Reached skill level 5 in Fighting
  8112 | D:7      | Found an ancient bone altar of Kikubaaqudgha.
  8314 | D:4      | Bought a potion of heal wounds for 70 gold pieces
  8314 | D:4      | Bought a potion of curing for 42 gold pieces
  8385 | D:8      | Found a burning altar of Makhleb.
  8476 | D:8      | Reached skill level 1 in Invocations
  8516 | D:8      | Reached ***** piety under Cheibriados
  8821 | D:8      | Identified the +6 ring mail of Magic {rF+ Regen+}
  8886 | D:8      | Reached skill level 5 in Invocations
  8886 | D:8      | Reached XP level 10. HP: 78/81 MP: 12/12
  9244 | D:9      | Noticed an elephant
  9340 | D:9      | Killed an elephant
  9386 | D:9      | Found a shimmering blue altar of Sif Muna.
 10026 | D:9      | Found an opulent altar of Gozag.
 10468 | D:9      | Found a staircase to the Lair.
 10636 | D:10     | Entered Level 10 of the Dungeon
 10680 | D:10     | Found a blossoming altar of Fedhas.
 10683 | D:10     | Found an ornate altar of the Wu Jian Council.
 10699 | D:10     | Reached skill level 6 in Fighting
 10805 | D:10     | Reached skill level 7 in Fighting
 10981 | D:10     | Found a stormy altar of Qazlal.
 11280 | D:10     | Reached XP level 11. HP: 94/94 MP: 17/17
 11400 | D:10     | Identified a scroll of acquirement
 11400 | D:10     | Acquired a +1 antimagic eveningstar
 11502 | D:11     | Noticed a boulder beetle
 11564 | Lair:1   | Entered Level 1 of the Lair of Beasts
 11846 | Lair:1   | Reached ****** piety under Cheibriados
 12379 | Lair:2   | Noticed a death yak
 12387 | Lair:2   | Noticed a death yak
 12387 | Lair:2   | Noticed a death yak
 12389 | Lair:2   | Killed a death yak
 12389 | Lair:2   | Noticed a death yak
 12390 | Lair:2   | Reached skill level 15 in Maces & Flails
 12402 | Lair:2   | Killed a death yak
 12407 | Lair:2   | Killed a death yak
 12408 | Lair:2   | Reached skill level 8 in Fighting
 12413 | Lair:2   | Killed a death yak
 12414 | Lair:2   | Reached skill level 9 in Fighting
 12453 | Lair:2   | Found a staircase to the Swamp.
 12670 | Lair:2   | Reached skill level 1 in Evocations
 12736 | Lair:2   | Reached XP level 12. HP: 101/105 MP: 18/18
 12761 | Lair:2   | You fall into a shaft and drop 1 floor!
 12919 | Lair:3   | Reached skill level 5 in Evocations
 13012 | Lair:3   | Reached skill level 1 in Throwing
 14012 | Lair:2   | Noticed a seven-headed hydra
 14018 | Lair:2   | Killed a seven-headed hydra
 14460 | Lair:3   | Found a runed translucent gate.
 14460 | Lair:3   | Found a runed translucent gate.
 14460 | Lair:3   | Found a runed translucent gate.
 14461 | Lair:3   | Noticed happo123's ghost (journeyman TeAE)
 14461 | Lair:3   | Noticed Cecillian's ghost (journeyman GnAM)
 14612 | Lair:3   | Reached skill level 5 in Throwing
 14803 | Lair:4   | Noticed a catoblepas
 14816 | Lair:4   | Killed a catoblepas
 14931 | Lair:4   | Found a hole to the Spider Nest.
 15040 | Lair:4   | Noticed an eight-headed hydra
 15048 | Lair:4   | Killed an eight-headed hydra
 15596 | Lair:5   | Noticed Josephine
 15603 | Lair:5   | Reached XP level 13. HP: 108/111 MP: 19/19
 15605 | Lair:5   | Killed Josephine
 15860 | Lair:5   | Found the +12 pair of quick blades "Gyre" and "Gimble"
                  | {protect}
 15939 | Lair:5   | Reached skill level 10 in Fighting
 15955 | Lair:5   | Acquired 1061 gold pieces
 16489 | Lair:6   | Entered Level 6 of the Lair of Beasts
 16675 | Lair:6   | Reached skill level 11 in Fighting
 16683 | Lair:6   | Reached skill level 10 in Armour
 17101 | Lair:6   | Reached skill level 12 in Fighting
 17249 | Lair:6   | Reached skill level 1 in Dodging
 17328 | Lair:6   | Reached XP level 14. HP: 112/127 MP: 18/20
 17553 | Lair:6   | Reached skill level 5 in Dodging
 17775 | Lair:6   | Noticed buhh's ghost (journeyman FoHu)
 17788 | Lair:6   | Found a transporter.
 17848 | Lair:6   | Found a transporter.
 17964 | Lair:6   | Found a staircase to the Slime Pits.
 18333 | Lair:6   | Identified the +3 leather armour "Yvoics" {rElec rC- Int+7}
 18607 | D:4      | Bought a crude morningstar for 216 gold pieces
 18607 | D:4      | Identified the +4 morningstar "Xaoqugac" {elec, rPois
                  | Int+2} (You bought it in a shop on level 4 of the Dungeon)
 18629 | D:4      | Bought the +11 chain mail of the Skies Above {Fly Slay+3}
                  | for 812 gold pieces
 19390 | D:11     | Found a staircase to the Orcish Mines.
 19737 | Orc:1    | Entered Level 1 of the Orcish Mines
 19795 | Orc:1    | Found Rid Wosch's Weapon Emporium.
 19975 | Orc:1    | Noticed Harold
 19989 | Orc:1    | Killed Harold
 20334 | Orc:2    | Entered Level 2 of the Orcish Mines
 20558 | Orc:2    | Found a staircase to the Elven Halls.
 20630 | Orc:2    | Found Fashrazo's Antique Weapon Boutique.
 20633 | Orc:2    | Reached skill level 10 in Dodging
 21113 | Orc:2    | Found Ibeohy's Magic Scroll Boutique.
 21114 | Orc:2    | Found Lyqotuts's Distillery.
 21118 | Orc:2    | Found Fipenyze's Jewellery Shop.
 21259 | Orc:2    | Bought a scroll of enchant weapon for 105 gold pieces
 21262 | Orc:2    | Bought a scroll of enchant armour for 105 gold pieces
 21262 | Orc:2    | Bought a scroll of fear for 49 gold pieces
 21262 | Orc:2    | Bought a scroll of magic mapping for 49 gold pieces
 21262 | Orc:2    | Bought a scroll of poison for 49 gold pieces
 21270 | Orc:2    | Bought a potion of might for 60 gold pieces
 21270 | Orc:2    | Bought a potion of might for 60 gold pieces
 21270 | Orc:2    | Bought a potion of curing for 45 gold pieces
 21270 | Orc:2    | Bought a potion of curing for 45 gold pieces
 21270 | Orc:2    | Bought a potion of curing for 45 gold pieces
 21270 | Orc:2    | Bought a potion of cancellation for 120 gold pieces
 21487 | D:4      | Bought a scroll of teleportation for 87 gold pieces
 21487 | D:4      | Bought a scroll of teleportation for 87 gold pieces
 21701 | Orc:2    | Bought a ring of protection from cold for 350 gold pieces
 22068 | D:12     | Noticed Nergalle
 22084 | D:12     | Killed Nergalle
 22500 | D:12     | Learned a level 1 spell: Apportation
 22503 | D:12     | Learned a level 2 spell: Blink
 23235 | D:13     | Reached XP level 15. HP: 127/128 MP: 21/21
 23254 | D:13     | Reached skill level 1 in Translocations
 23497 | D:13     | Noticed Jorgrun
 23508 | D:13     | Killed Jorgrun
 24085 | D:13     | Identified the +7 trident "Xuduh" {pain, Contam Str+4
                  | Stlth+}
 24215 | D:13     | Found a gate to the Vaults.
 24505 | D:14     | Found a runed translucent gate.
 24505 | D:14     | Found a runed translucent gate.
 24505 | D:14     | Found a runed translucent gate.
 24506 | D:14     | Noticed Faeteph's ghost (journeyman FoHu)
 24533 | D:14     | Acquired an amulet of faith
 24598 | D:14     | Reached skill level 5 in Translocations
 25240 | D:14     | Your ally Faeteph's ghost died
 25587 | D:15     | Entered Level 15 of the Dungeon
 25665 | D:15     | Found Coimampe's Book Emporium.
 25937 | D:15     | Found a staircase to the Depths.
 26937 | Swamp:1  | Entered Level 1 of the Swamp
 26942 | Swamp:1  | Learned a level 3 spell: Teleport Other
 27428 | Swamp:1  | Reached skill level 13 in Fighting
 27637 | Swamp:1  | Noticed Mlioglotl
 27644 | Swamp:1  | Killed Mlioglotl
 27903 | Swamp:2  | Noticed a fenstrider witch
 27905 | Swamp:2  | Noticed a fenstrider witch
 27905 | Swamp:2  | Noticed miscthings's ghost (journeyman MeCj)
 27910 | Swamp:2  | Noticed a fenstrider witch
 27942 | Swamp:2  | Noticed a thorn hunter
 27950 | Swamp:2  | Killed a thorn hunter
 28347 | Swamp:2  | Reached skill level 14 in Fighting
 28438 | Swamp:2  | Found a runed translucent gate.
 28438 | Swamp:2  | Found a runed translucent gate.
 28438 | Swamp:2  | Found a runed translucent gate.
 28451 | Swamp:2  | Got the Handbook of Flight and Calling
 29173 | Swamp:3  | Reached XP level 16. HP: 147/147 MP: 22/22
 29182 | Swamp:3  | Reached skill level 15 in Fighting
 29325 | Swamp:3  | Noticed Louise
 29334 | Swamp:4  | Entered Level 4 of the Swamp
 29939 | Swamp:3  | Killed Louise
 29947 | Swamp:3  | Reached skill level 16 in Fighting
 31027 | Orc:2    | Bought the ring of Guliprax {Fire Str+3} for 536 gold
                  | pieces
 31269 | Swamp:3  | Reached skill level 17 in Fighting
 31302 | Swamp:3  | Reached skill level 1 in Spellcasting
 31996 | Swamp:3  | Found an ancient bone altar of Kikubaaqudgha.
 32003 | Swamp:3  | Got the Incunabulum of Distant Worlds
 32186 | Spider:1 | Entered Level 1 of the Spider Nest
 33373 | Spider:1 | Reached skill level 5 in Shields
 35657 | Spider:3 | Noticed Arachne
 35685 | Spider:3 | Killed Arachne
 36372 | Spider:3 | Reached skill level 10 in Invocations
 36856 | Spider:3 | Reached XP level 17. HP: 161/161 MP: 23/23
 37272 | Spider:4 | Entered Level 4 of the Spider Nest
 37293 | Spider:3 | Learned a level 2 spell: Wereblood
 37851 | Spider:4 | Learned a level 4 spell: Animate Dead
 38538 | Spider:4 | Reached skill level 10 in Shields
 41113 | Swamp:4  | Found a blossoming altar of Fedhas.
 41171 | Swamp:4  | Found a basalt altar of Yredelemnul.
 42174 | Swamp:4  | Got a decaying rune of Zot
 42717 | D:4      | Bought a potion of resistance for 140 gold pieces
 42951 | Vaults:1 | Entered Level 1 of the Vaults
 44212 | Vaults:1 | Noticed Donald
 44227 | Vaults:1 | Killed Donald
 44228 | Vaults:1 | Reached skill level 15 in Shields
 44555 | Vaults:1 | Reached XP level 18. HP: 120/169 MP: 25/25
 44588 | Vaults:1 | Learned a level 3 spell: Vampiric Draining
 45149 | Vaults:1 | Found Jifotuf's Armour Boutique.
 47401 | Vaults:2 | Reached skill level 18 in Fighting
 47584 | Vaults:2 | Found Vieshenkayrr's Book Boutique.
 48712 | Vaults:2 | Reached skill level 19 in Fighting
 49284 | Vaults:2 | Identified the +9 dire flail "Impslayer" {drain, rElec
                  | rCorr Stlth+}
 50123 | Vaults:2 | Reached skill level 20 in Fighting
 50333 | Vaults:2 | Reached XP level 19. HP: 180/185 MP: 27/27
 50753 | Vaults:2 | Found a staircase to the Crypt.
 52024 | Vaults:3 | Noticed Margery
 52035 | Vaults:3 | Killed Margery
 53525 | Vaults:3 | Reached skill level 15 in Armour
 53733 | Vaults:3 | Upgraded the game from 0.29-a0-653-gd47aff6735 to
                  | 0.29-a0-664-gff9cad4a3d
 54164 | Vaults:4 | Found Xij Dun's Antique Weapon Boutique.
 54171 | Vaults:4 | Bought a steaming morningstar for 342 gold pieces
 54171 | Vaults:4 | Identified the +3 morningstar of Beogh's Felicitations
                  | {drain, Drain Str+7 Int-5 SInv} (You bought it in a shop on
                  | level 4 of the Vaults)
 54643 | Vaults:4 | Identified the +0 tower shield of Undesirable Species
                  | {rPois rF++ MP-9}
 54643 | Vaults:4 | Noticed Mennas
 55481 | Vaults:4 | Noticed Frederick
 56160 | Elf:1    | Entered Level 1 of the Elven Halls
 56230 | Elf:1    | Paralysed by an air elemental for 1 turns
 56246 | Elf:1    | Paralysed by an air elemental for 1 turns
 56249 | Elf:1    | Paralysed by an air elemental for 1 turns
 56383 | Elf:1    | Noticed Azrael
 56392 | Elf:1    | Killed Azrael
 56431 | Elf:1    | Noticed Asterion
 56437 | Elf:1    | Reached XP level 20. HP: 89/195 MP: 28/28
 56445 | Elf:1    | Killed Asterion
 57267 | Elf:1    | Noticed Aizul
 57278 | Elf:1    | Reached skill level 10 in Evocations
 57278 | Elf:1    | Killed Aizul
 58331 | Elf:2    | Found Tuvun's General Store.
 58351 | Elf:2    | Found Wutt's Armour Shop.
 58732 | Elf:2    | Bought a scroll of summoning for 152 gold pieces
 58732 | Elf:2    | Bought a phantom mirror for 640 gold pieces
 58732 | Elf:2    | Bought a potion of might for 64 gold pieces
 58732 | Elf:2    | Bought a potion of curing for 48 gold pieces
 58946 | Elf:2    | Identified the +3 ring mail "Nesos" {Stlth+}
 58962 | Elf:2    | Identified the +0 war axe "Ilanush" {pain, rPois Str+4}
 58964 | Elf:2    | Found a runed translucent gate.
 58968 | Elf:2    | Found a runed translucent gate.
 58968 | Elf:2    | Found a runed translucent gate.
 59103 | Elf:2    | Found Cosoy's Jewellery Emporium.
 59128 | Elf:2    | Found Tuileol's Jewellery Shoppe.
 59161 | Elf:3    | Entered Level 3 of the Elven Halls
 60478 | Spider:4 | Identified the +0 hat of Lusamuss {Str+2 Int+4}
 60488 | Spider:4 | Got a gossamer rune of Zot
 60922 | D:3      | Killed Crazy Yiuf
 61158 | Lair:3   | Killed happo123's ghost
 61164 | Lair:3   | Killed Cecillian's ghost
 61359 | Lair:6   | Killed buhh's ghost
 62049 | Depths:1 | Entered Level 1 of the Depths
 62676 | Depths:1 | Found Liminio's Serpentskin Sales.
 62797 | Depths:1 | Found a gateway to Hell.
 63217 | Depths:2 | Found a one-way gate to the infinite horrors of the Abyss.
 63422 | Depths:2 | Noticed Mara
 63429 | Depths:2 | Noticed dolemite99's illusion
 64390 | Depths:2 | Reached skill level 21 in Fighting
 64991 | Depths:2 | Killed Mara
 65415 | Depths:2 | Reached skill level 22 in Fighting
 65420 | Depths:2 | Reached XP level 21. HP: 195/207 MP: 29/29
 65689 | Depths:2 | Found a one-way gate leading to the halls of Pandemonium.
 65832 | Depths:2 | Noticed a golden dragon
 65852 | Depths:2 | Killed a golden dragon
 66297 | Depths:2 | Reached skill level 23 in Fighting
 66581 | Depths:2 | Found a snail-covered altar of Cheibriados.
 67423 | Depths:3 | Noticed Saint Roka
 67441 | Depths:3 | Killed Saint Roka
 67442 | Depths:3 | Reached skill level 24 in Fighting
 68751 | Depths:4 | Entered Level 4 of the Depths
 68794 | Depths:3 | Found a white marble altar of Elyvilon.
 68807 | Depths:3 | Found Sungigg's Weapon Shop.
 68878 | Depths:3 | Noticed a golden dragon
 68886 | Depths:3 | Killed a golden dragon
 69026 | Depths:3 | Noticed a golden dragon
 69033 | Depths:3 | Killed a golden dragon
 69598 | Depths:3 | Acquired a manual of Translocations
 69990 | Depths:4 | Found a broken altar of Ashenzari.
 70017 | Depths:4 | Reached skill level 10 in Translocations
 70739 | Depths:4 | Reached XP level 22. HP: 223/223 MP: 30/30
 70889 | Depths:4 | Learned a level 4 spell: Passage of Golubria
 70893 | Depths:4 | Learned a level 3 spell: Lesser Beckoning
 71091 | Depths:4 | Found a one-way gateway to a ziggurat.
 71197 | Depths:4 | Paralysed by a floating eye for 2 turns
 71206 | Depths:4 | Paralysed by a floating eye for 3 turns
 71314 | Depths:4 | Found a gate to the Realm of Zot.
 71513 | Depths:4 | Paralysed by a floating eye for 2 turns
 71516 | Depths:4 | Paralysed by a floating eye for 4 turns
 71545 | Depths:4 | Found Neniofih's General Store.
 71561 | Depths:3 | Identified the +4 quarterstaff of Desertification {elec,
                  | Dex+2}
 72583 | Elf:3    | Found Butolow's Jewellery Boutique.
 72625 | Elf:2    | Bought a ring of protection from fire for 400 gold pieces
 73452 | Elf:3    | Identified the +10 scimitar of Spite {elec, rPois rC+}
 73684 | Elf:3    | Identified the +2 leather armour of Disoeb {Fly Will+
                  | Slay+2}
 73687 | Elf:3    | Cast into level 3 of the Abyss (a deep elf sorcerer)
 73687 | Abyss:3  | Found a corrupted altar of Lugonu.
 73816 | Abyss:3  | Paralysed by accursed screaming for 1 turns
 74027 | Abyss:3  | Gained mutation: Your magical capacity is low. (-10% MP) [a
                  | neqoxec]
 74302 | Elf:3    | Escaped the Abyss
 74304 | Elf:3    | Noticed Zenata
 74307 | Elf:3    | HP: 4/222 [deep elf annihilator/bolt of lightning (34)]
 74307 | Elf:3    | HP: 1/222 [deep elf annihilator/bolt of lightning (3)]
 74307 | Elf:3    | Killed from afar by Zenata

Illustrated notes

Levels and vault maps discovered:
D:1:      eino_arrival_cavern_d, layout_loops_ring, minmay_misc_feat_tiny
D:2:      layout_basic, basic_altar, ebering_ecumenical_altar_hall,
          fountainhead, uniq_robin
D:3:      layout_loops_corners, tso_altar, lemuel_crystal_altar,
          lemuel_flame_loot_1, uniq_terence, uniq_natasha, uniq_jessica,
          uniq_crazy_yiuf_cottage
D:4:      layout_basic, nicolae_vehumet_radiance, minmay_temple_entry_trees,
          serial_shops, nicolae_shop_crystal, nicolae_shop_statue_plus,
          shop_fountains, nicolae_shop_waterfront, uniq_eustachio, uniq_grinder
D:5:      layout_loops_ring, portal_sewer_entry_b, uniq_duvessa
D:6:      layout_basic, mainiacjoe_overflow_surrounded_room,
          lightli_orcish_oven, uniq_prince_ribbit1
D:7:      layout_cave_pools, lemuel_doored_altar, nicolae_ossuary_entry_giza,
          nicolae_sextant
D:8:      layout_loops_ring, makhleb_blood_cavern_becter
D:9:      layout_rooms, mainiacjoe_overflow_catwalk_spiral, david_lair_generic,
          special_room [special_room_orc],
          nicolae_concentric_dashed_squares_wild, lemuel_flamethrower_hall
D:10:     layout_irregular_city, mainiacjoe_overflow_concentric_impassable,
          grunt_temple_overflow_open, minmay_misc_feat_enclosed,
          hangedman_decor_growths, the_hattery
D:11:     layout_layer_cave, orc_0_dummy, serial_bayou_lagoon_b
D:12:     layout_stronghold, uniq_nergalle
D:13:     layout_loops_corners, grunt_vaults_entry_tiered, uniq_jorgrun
D:14:     layout_basic, gammafunk_ghost_hydra_chop, serial_bayou,
          serial_bayou_crossing, serial_bayou_pond_c, serial_bayou_lagoon_a,
          serial_bayou_lake_a, serial_bayou_pond_a
D:15:     gammafunk_enter_depths_forms, layout_grid_maze,
          chequers_serial_rivers_small_a, serial_shops, shop
Lair:1:   layout_concentric_octagons
Lair:2:   cheibrodos_lair_overgrown_chateau, layout_layer_cave, swamp_mist
Lair:3:   beast_lair_carwin_large_4, layout_loops_ring,
          gammafunk_ghost_cemetery, roderic_carrion_pond
Lair:4:   layout_hall_layers, spider_nest_entry_funnel_web, grunt_megastairs_2,
          serial_bayou_shore_b
Lair:5:   layout_cave_pods, kilobyte_rumbling_trees, serial_bayou_shore_a,
          uniq_josephine
Lair:6:   minmay_lair_end_frog_pond, layout_regular_city,
          minmay_slime_entry_jelly_boxes, gammafunk_ghost_berserking_beasts,
          st_stairs_10
Swamp:1:  layout_basic_swamp, evilmike_swamp_ruin_house_6, uniq_mlioglotl
Swamp:2:  layout_basic_swamp, gammafunk_ghost_split, evilmike_swamp_ruin_house_4
Swamp:3:  layout_basic_swamp, evilmike_swamp_ruin_rubble_2, beargit_kiku_chapel,
          uniq_louise
Swamp:4:  byrel_swamp_growth_death_and_undeath, layout_basic_swamp,
          infiniplex_staircase_pool
Spider:1: layout_cave_pods
Spider:2: layout_spider_delve, drop_trap, hangedman_spider_tarantella_strand
Spider:3: layout_chambers, uniq_arachne
Spider:4: grunt_spider_rune_parallel
Orc:1:    layout_caves, serial_shops, nicolae_shop_competitors_out_of_business,
          basic_altar, minmay_orc_temple_a, uniq_harold
Orc:2:    st_orc_open, layout_caves
Elf:1:    layout_loops_cross, portal_desolation_entry_nicolae_slug,
          minmay_elf_crystal_heptagon, uniq_asterion, uniq_aizul, uniq_azrael
Elf:2:    nicolae_elf_blades_splatter_lattice [mumra_blade_entry_bloodbath],
          layout_loops_cross, serial_shops, nicolae_shop_stone,
          nicolae_take_the_stairs, nicolae_shop_waterfront,
          nicolae_shop_competitors_out_of_business, drop_trap
Elf:3:    minmay_elf_hall_spiked, layout_loops_corners, serial_shops, shop,
          nicolae_shop_stone, minivault_27, uniq_zenata
Vaults:1: nicolae_vaults_an_arrangement, vaults_room_semicircle,
          hangedman_vaults_snaps, nicolae_vaults_network_s,
          ontoclasm_vaults_shuriken, hangedman_vaults_stitches, v_misc_11,
          serial_ice_g, ontoclasm_vaults_idyll, dpeg_vaults_monster_box,
          nicolae_vaults_sealed_display, ontoclasm_vaults_twist,
          ontoclasm_vaults_tryst, layout_vaults_omnibox, serial_shops, shop,
          uniq_donald
Vaults:2: nicolae_vaults_network_barrier, v_misc_33,
          minmay_crypt_entry_simple_plaza,
          nicolae_vaults_windows_and_doors_thing, vaults_room_door_ring,
          ontoclasm_vaults_ring_square, nicolae_vaults_border_crossing,
          v_misc_22, nicolae_vaults_three_branches,
          nicolae_vaults_little_squares_3, ontoclasm_vaults_decontamination,
          vaults_room_hallway, layout_vaults_omnicross, serial_shops, shop
Vaults:3: v_alt_pattern_1, ontoclasm_vaults_ring_small, v_misc_27,
          vaults_standard_mumra_lines, ontoclasm_vaults_ring_large,
          grunt_vaults_diagonal, nicolae_vaults_stairing_the_circle,
          nicolae_vaults_little_ls, nicolae_vaults_ring_of_whatevers, st_cells,
          layout_vaults_big_room, uniq_margery
Vaults:4: vaults_room_corners, hangedman_vaults_slice, vaults_room_pools,
          ontoclasm_vaults_eye, vaults_room_fours, v_misc_22,
          nicolae_vaults_little_squares_3, hangedman_vaults_corner_blocks,
          vaults_dpeg_doors, ontoclasm_vaults_spin, layout_vaults_ring,
          serial_shops, nicolae_shop_trees, uniq_frederick, uniq_mennas
Depths:1: layout_gridlike, pf_vacation_house_of_asmodeus, st_stairs_12,
          guppyfry_shop_venom, grunt_megastairs_3
Depths:2: pf_snail_temple, layout_cave_shapes, grunt_pan_entry_spiral,
          abyss_entry, serial_sigils_hangedman_gut, hell_entry, uniq_mara
Depths:3: evilmike_horseshoe, layout_gridlike, old_standard_altar,
          grunt_mini_vestibule, serial_shops, nicolae_shop_bloodbath_and_beyond,
          abyss_entry, firewood_loft, minmay_staircase_bubble,
          serial_bayou_shore_b, uniq_saint_roka
Depths:4: grunt_twist_and_shout, layout_gridlike, enter_ziggurat_d,
          serial_sigils_hangedman_confine, hell_entry, abyss_entry,
          serial_shops, shop, minmay_stone_trees_medium,
          ashenzari_conservatory_becter, serial_bayou_shore_b

Skill      XL: |  1  2  3  4  5  6  7  8  9 10 11 12 13 14 15 16 17 18 19 20 21 22 |
---------------+-------------------------------------------------------------------+-----
Axes           | 3 4 5 6 |  6.0
Maces & Flails | 2 5 7 9 12 15 | 15.5
Armour         | 4 7 11 15 17 | 17.0
Fighting       | 5 7 9 12 14 17 20 22 24 | 24.2
Invocations    | 5 9 10 11 12 | 12.6
Evocations     | 3 6 9 11 | 11.4
Throwing       | 9 |  9.9
Dodging        | 3 12 | 12.8
Translocations | 7 9 12 14 | 14.0
Spellcasting   | 4 |  4.0
Shields        | 8 15 17 18 | 18.8

Action                   |  1- 3 |  4- 6 |  7- 9 | 10-12 | 13-15 | 16-18 | 19-21 | 22-24 || total
-------------------------+-------+-------+-------+-------+-------+-------+-------+-------++-------
Melee: War axe           |   100 |    20 |       |       |       |       |       |       ||   120
       Headbutt          |    11 |    11 |    34 |    96 |   197 |   340 |   364 |    81 ||  1134
       Flail             |       |    61 |   235 |   120 |       |       |       |       ||   416
       Eveningstar       |       |       |       |   311 |   719 |   863 |  1107 |   242 ||  3242
       Morningstar       |       |       |       |       |    18 |   316 |       |       ||   334
Throw: Stone             |     9 |       |       |       |       |       |       |       ||     9
       Dart              |       |       |    19 |   154 |   216 |    76 |       |       ||   465
       Javelin           |       |       |       |       |    18 |    27 |    23 |       ||    68
       Boomerang         |       |       |       |       |    64 |   159 |   168 |     7 ||   398
 Cast: Blink             |       |       |       |       |     4 |    36 |    22 |     7 ||    69
       Teleport Other    |       |       |       |       |     1 |       |       |       ||     1
       Apportation       |       |       |       |       |       |     2 |       |     2 ||     4
Invok: Renounce Religion |     1 |       |       |       |       |       |       |       ||     1
       Temporal Distorti |       |       |       |     2 |     6 |     6 |    10 |       ||    24
       Slouch            |       |       |       |       |    25 |    30 |    20 |     3 ||    78
       Step From Time    |       |       |       |       |       |     2 |     2 |       ||     4
       Bend Time         |       |       |       |       |       |     8 |     2 |       ||    10
Evoke: Wand              |       |       |       |       |    33 |    55 |    20 |     5 ||   113
       Tin of tremorston |       |       |       |       |       |       |    13 |     2 ||    15
       Phial of floods   |       |       |       |       |       |       |     8 |     1 ||     9
       Phantom mirror    |       |       |       |       |       |       |     6 |     1 ||     7
  Use: Potion            |     2 |     3 |     1 |       |     5 |    33 |     2 |       ||    46
       Scroll            |       |     9 |     7 |     9 |    22 |    43 |    11 |     1 ||   102
 Stab: Distracted        |       |       |     2 |     3 |       |       |     9 |     5 ||    19
       Petrified         |       |       |       |       |     5 |       |       |       ||     5
Armor: Scale mail        |    74 |    49 |    69 |       |       |       |       |       ||   192
       Plate armour      |       |       |    44 |   279 |   167 |   921 |   394 |    63 ||  1868
       Chain mail        |       |       |       |       |   312 |   100 |       |       ||   412
Dodge: Dodged            |    68 |    40 |    98 |   139 |   495 |   915 |   444 |   106 ||  2305
Block: Buckler           |    32 |    20 |    46 |   138 |   210 |   107 |       |       ||   553
       Tower shield      |       |       |       |       |       |  1450 |  1230 |   248 ||  2928
       Kite shield       |       |       |       |       |       |     5 |       |       ||     5

Table legend: (Time is in decaauts)
 A = Elapsed time spent in this place.
 B = Non-inter-level travel time spent in this place.
 C = Inter-level travel time spent in this place.
 D = Time resting spent in this place.
 E = Time spent auto-exploring this place.
 F = Levels seen in this place.
 G = Mean time per level.
                   A        B        C        D        E       F      G
               +--------+--------+--------+--------+--------+-----+--------+
         Total | 101118 |  90042 |  11076 |  26760 |  46901 |  44 | 2298.1 |
       Dungeon |  27764 |  22231 |   5533 |   3239 |  15301 |  15 | 1850.9 |
          Lair |  13686 |  11649 |   2037 |    956 |   8520 |   6 | 2281.0 |
         Swamp |   9206 |   8422 |    784 |   4011 |   3007 |   4 | 2301.5 |
   Spider Nest |  11140 |  10687 |    453 |   4558 |   4774 |   4 | 2785.0 |
  Orcish Mines |   2725 |   2078 |    647 |    326 |   1243 |   2 | 1362.5 |
   Elven Halls |   6446 |   5913 |    533 |   2366 |   2021 |   3 | 2148.7 |
        Vaults |  15515 |  15031 |    484 |   6611 |   5600 |   4 | 3878.8 |
        Depths |  12768 |  12166 |    602 |   4391 |   5581 |   4 | 3192.0 |
         Abyss |    804 |    804 |      0 |    292 |    114 |   1 |  804.0 |
         Sewer |   1061 |   1061 |      0 |      7 |    735 |   1 | 1061.0 |
               +--------+--------+--------+--------+--------+-----+--------+

Top non-repeatable levels by time:
Vaults:1: 5601 daAuts
Vaults:2: 4458 daAuts
Vaults:3: 3931 daAuts
Depths:3: 3824 daAuts
Depths:2: 3645 daAuts
Spider:4: 3618 daAuts
Spider:3: 3556 daAuts
  Lair:2: 3427 daAuts
 Swamp:4: 3213 daAuts
   Elf:1: 3097 daAuts
  Lair:6: 3075 daAuts
Depths:1: 2915 daAuts
Spider:1: 2679 daAuts
     D:8: 2654 daAuts
 Swamp:3: 2587 daAuts
